 Dungeon Crawl Stone Soup version 0.29-a0-214-g17f627cfee (webtiles) character file.

Game seed: 5777168688423009202

323044 pokeman the Archmage (level 20, -1/120 HPs)
             Began as a Deep Elf Hedge Wizard on Feb 22, 2022.
             Was the Champion of Vehumet.
             Slain by a spriggan berserker
             ... wielding a +0 hand axe
              (19 damage)
             ... on level 4 of the Depths on Feb 24, 2022.
             The game lasted 03:31:03 (59268 turns).

pokeman the Archmage (Deep Elf Hedge Wizard)       Turns: 59268, Time: 03:31:04

Health: -1/120     AC: 26    Str:  7    XL:     20   Next: 68%
Magic:  69/72      EV:  8    Int: 40    God:    Vehumet [******]
Gold:   5583       SH:  5    Dex: 14    Spells: 32/73 levels left

rFire   + + +      SeeInvis .   o - +9 short sword "Udir" {venom, rF+ rCorr MP+9}
rCold   x x .      Faith    .   B - +0 buckler {rPois}
rNeg    . . .      Spirit   .   E - +0 fire dragon scales
rPois   +          Reflect  .   j - +3 hat of Pondering {ponderous, Will+ MP+10 Int+5}
rElec   +          Harm     .   Q - +2 cloak
rCorr   +          Rampage  .   p - +2 pair of gloves
Will    +++..                   l - +2 pair of boots {Stlth+}
Stlth   ++........              X - amulet of the Air {Inacc Air Fly rElec RMsl}
HPRegen 0.30/turn               i - ring of fire
MPRegen 0.43/turn               T - +6 ring of intelligence

@: about to teleport, flying, repel missiles, slow
A: no striking features
}: 2/15 runes: decaying, gossamer
a: Renounce Religion


You were on level 4 of the Depths.
You worshipped Vehumet.
Vehumet was exalted by your worship.
You visited 8 branches of the dungeon, and saw 38 of its levels.
You also visited: Sewer.

You collected 6229 gold pieces.
You spent 646 gold pieces at shops.

Inventory:

Hand Weapons
 o - the +9 short sword "Udir" (weapon) {venom, rF+ rCorr MP+9}
   (You took it off a deep elf zephyrmancer on level 1 of the Elven Halls)

   It poisons the flesh of those it strikes.
   rF:        It protects you from fire.
   MP:        It affects your magic capacity (+9).
   rCorr:     It protects you from acid and corrosion.
 P - a +3 arbalest of flaming
Armour
 j - the +3 hat of Pondering (worn) {ponderous, Will+ MP+10 Int+5}
   (You found it on level 2 of the Lair of Beasts)

   Int:       It affects your intelligence (+5).
   MP:        It affects your magic capacity (+10).
   Will:      It increases your willpower.
 l - a +2 pair of boots of stealth (worn)
 p - a +2 pair of gloves (worn)
 x - +0 storm dragon scales
 y - the +1 ring mail "Eryiqu" {Fly rC+ Int+4 Dex+2}
   (You found it on level 4 of the Dungeon)

   Int:       It affects your intelligence (+4).
   Dex:       It affects your dexterity (+2).
   rC:        It protects you from cold.
   Fly:       It grants you flight.
 A - +0 shadow dragon scales
 B - a +0 buckler of poison resistance (worn)
 E - +0 fire dragon scales (worn)
 L - an orb of light
 Q - a +2 cloak (worn)
Magical Staves
 n - a staff of cold
Jewellery
 c - the ring "Witwoj" {rPois rF+ rN+}
   (You found it on level 1 of the Spider Nest)

   [ring of positive energy]

   rF:        It protects you from fire.
   rPois:     It protects you from poison.
   rN:        It protects you from negative energy.
 f - a +6 ring of strength
 i - a ring of fire (left hand)
 m - an amulet of reflection
 v - a ring of protection from cold
 T - a +6 ring of intelligence (right hand)
 X - the amulet of the Air (around neck) {Inacc Air Fly rElec RMsl}
   (You found it on level 9 of the Dungeon)

   [amulet of nothing]

   It reduces the accuracy of all your attacks.
   It enhances your air magic.
   rElec:     It insulates you from electricity.
   Fly:       It grants you flight.
   RMsl:      It protects you from missiles.
Wands
 a - a wand of acid (14)
 s - a wand of flame (10)
 G - a wand of digging (8)
Scrolls
 b - a scroll of enchant weapon
 k - a scroll of holy word
 q - 7 scrolls of magic mapping
 t - 8 scrolls of blinking
 M - 10 scrolls of identify
 N - 19 scrolls of teleportation
Potions
 e - 3 potions of ambrosia
 g - 2 potions of brilliance
 h - 16 potions of curing
 w - 2 potions of magic
 J - 4 potions of haste
 O - 8 potions of heal wounds
Miscellaneous
 d - a phial of floods
 z - a piece from Xom's chessboard (15/15)
 W - a phantom mirror


   Skills:
 + Level 11.4 Fighting
 - Level 12.5 Armour
 - Level 3.0 Dodging
 - Level 3.0 Stealth
 - Level 5.0 Shields
 O Level 27 Spellcasting
 * Level 21.3 Conjurations
 - Level 1.1 Summonings
 - Level 2.0 Necromancy
 - Level 1.1 Translocations
 + Level 19.3 Fire Magic
 - Level 1.0 Ice Magic
 - Level 1.0 Air Magic
 - Level 1.0 Earth Magic
 - Level 1.1 Poison Magic
 - Level 1.0 Evocations


You had 32 spell levels left.
You knew the following spells:

 Your Spells              Type           Power      Damage    Failure   Level
a - Magic Dart            Conj           100%       1d8       0%          1
b - Mephitic Cloud        Conj/Pois/Air  100%       N/A       1%          3
c - Call Imp              Summ           58%        N/A       3%          2
d - Blink                 Tloc           100%       N/A       3%          2
e - Conjure Flame         Conj/Fire      100%       6-21      0%          3
f - Fireball              Conj/Fire      72%        3d27      1%          5
g - Stone Arrow           Conj/Erth      100%       3d13      1%          3
h - Orb of Destruction    Conj           61%        9d15      1%          7
i - Starburst             Conj/Fire      72%        6d19      1%          6
j - Fire Storm            Conj/Fire      72%        8d18      22%         9

Your spell library contained the following spells:

 Spells                   Type           Power      Damage    Failure   Level
 Ignition                 Fire           71%        3d19      2%          8
 Maxwell's Capacitive Co  Air            38%        ∞         100%        8
 Polar Vortex             Ice            29%        N/A       100%        9
 Foxfire                  Conj/Fire      100%       2x1d9     0%          1
 Flame Wave               Conj/Fire      100%       2d17      0%          4
 Iskenderun's Battlesphe  Conj           100%       2d15      0%          5
 Freeze                   Ice            100%       1d11      1%          1
 Shock                    Conj/Air       100%       1d9       1%          1
 Ignite Poison            Fire/Tmut/Pois 100%       N/A       1%          3
 Inner Flame              Hex/Fire       100%       N/A       1%          3
 Fulminant Prism          Conj/Hex       48%        3d21      1%          4
 Iskenderun's Mystic Bla  Conj/Tloc      97%        2d19      1%          4
 Conjure Ball Lightning   Conj/Air       60%        3x3d22    1%          6
 Frozen Ramparts          Ice            100%       1d12      2%          3
 Beastly Appendage        Tmut           100%       N/A       3%          1
 Slow                     Hex            100%       N/A       3%          1
 Corpse Rot               Necr/Air       100%       N/A       3%          2
 Ensorcelled Hibernation  Hex/Ice        100%       N/A       4%          2
 Passwall                 Tmut/Erth      45%        N/A       4%          2
 Vampiric Draining        Necr           63%        2d10      4%          3
 Wereblood                Tmut           52%        N/A       5%          2
 Airstrike                Air            38%        N/A       7%          4
 Olgreb's Toxic Radiance  Pois           59%        N/A       7%          4
 Swiftness                Air            76%        N/A       8%          3
 Spider Form              Tmut/Pois      55%        N/A       9%          3
 Summon Guardian Golem    Hex/Summ       55%        N/A       9%          3
 Spellforged Servitor     Conj/Summ      48%        N/A       9%          7
 Confusing Touch          Hex            52%        N/A       11%         3
 Tukima's Dance           Hex            52%        N/A       11%         3
 Dispel Undead            Necr           63%        3d22      16%         4
 Lee's Rapid Deconstruct  Erth           29%        3d16*     17%         5
 Anguish                  Hex/Necr       29%        N/A       24%         4
 Passage of Golubria      Tloc           58%        N/A       24%         4
 Summon Ice Beast         Ice/Summ       58%        N/A       24%         4
 Yara's Violent Unravell  Hex/Tmut       26%        3d11      26%         5
 Ice Form                 Ice/Tmut       55%        N/A       30%         4
 Lehudib's Crystal Spear  Conj/Erth      48%        10d12     50%         8
 Manifold Assault         Tloc           58%        N/A       54%         5
 Summon Forest            Summ/Tloc      29%        N/A       54%         5
 Silence                  Hex/Air        36%        N/A       63%         5
 Summon Mana Viper        Hex/Summ       55%        N/A       63%         5
 Eringya's Noxious Bog    Tmut/Pois      27%        N/A       71%         6
 Death Channel            Necr           31%        N/A       94%         6
 Summon Cactus Giant      Summ           29%        N/A       98%         6
 Malign Gateway           Summ/Tloc      29%        N/A       100%        7
 Monstrous Menagerie      Summ           29%        N/A       100%        7
 Storm Form               Tmut/Air       36%        N/A       100%        7
 Summon Horrible Things   Summ           29%        N/A       100%        8
 Chain Lightning          Conj/Air       60%        3d80      100%        9
 Shatter                  Erth           29%        3d24*     100%        9


Dungeon Overview and Level Annotations

Branches:
Dungeon (15/15)            Temple (1/1) D:7            Lair (6/6) D:11
  Swamp (4/4) Lair:2       Spider (4/4) Lair:2        Slime (0/5) Lair:6
    Orc (2/2) D:10            Elf (2/3) Orc:2        Vaults (0/5) D:14
 Depths (4/4) D:15          Sewer (visited)
    Zot: Depths:4

Altars:
Ashenzari
Cheibriados
Dithmenos
Elyvilon
Fedhas
Gozag
Hepliaklqana
Kikubaaqudgha
Makhleb
Nemelex Xobeh
Okawaru
Qazlal
Sif Muna
Trog
Uskayaw
Vehumet
Wu Jian
Xom
Yredelemnul
Zin
The Shining One
Beogh
Jiyva

Shops:
D:2 ?[   D:7 :   D:15 **   Orc:2 [[[*   Elf:1 [?[   Elf:2 :

Portals:
Hell: Depths:1 Depths:2* Depths:3
Abyss: Depths:3
Pandemonium: Depths:2 Depths:3 Depths:4
Ziggurat: Depths:1

Annotations:
Elf:2 3 runed translucent doors
Depths:4 Vv


Message History

The spriggan rider hits you with a +0 spear.
The spriggan rider hits you but does no damage.
The spriggan rider hits you with a +0 spear!
The spriggan rider closely misses you.
The spriggan rider hits you but does no damage.
The spriggan rider barely misses you.
The hell hog bites you but does no damage.
You block the spriggan rider's attack. The hell hog bites you.
The spriggan rider hits you from afar with a +0 spear!
A spriggan berserker comes into view. It is wielding a +0 hand axe.
The spriggan berserker shouts!
The hell hog breathes fire at you.
The fireball explodes!
The fireball engulfs you! You resist.
The fireball engulfs the hell hog.
The hell hog completely resists.
The hell hog bites you but does no damage.
You hear a horrible gurgling sound! x2
There is an open door here.
The spriggan berserker mumbles some strange prayers to Trog.
The spriggan berserker goes berserk!
You block the spriggan berserker's attack.
The spriggan berserker hits you with a +0 hand axe!
The hell hog bites you but does no damage.
The spriggan rider barely misses you.
Casting: Blink (safe; 3% risk of failure)
Confirm with . or Enter, or press ? or * to list all spells.
You blink.
You block the hell hog's attack.
The spriggan rider hits you from afar with a +0 spear!!
* * * LOW HITPOINT WARNING * * *
Unknown command.
As you read the scroll of teleportation, it crumbles to dust.
You feel strangely unstable.
The spriggan berserker hits you with a +0 hand axe!
* * * LOW HITPOINT WARNING * * *
The hell hog bites you but does no damage.
The spriggan rider closely misses you.
The spriggan berserker hits you with a +0 hand axe.
* * * LOW HITPOINT WARNING * * *
You block the hell hog's attack.
The spriggan berserker hits you with a +0 hand axe!!
You die...

##.............#......'........#.
##............#.##..##....#####.
####+###....##.##..#######.....
#....#......).....#.....
#....#............#.....
#....#..........)))....u ##
#....#..#######..##.....
##..#....#..## #..#....##
#...#...i#.@.# ....#....#
#...'...i9hi.# .....#....#
..#...D#...#.......#.u..#
###...i#..###..#####..u.#
#......#..# #.. #....###
#......#.... #....#
#......#...... +D[..# ..
#......#........ #.u..#
..#####......#.#####+###..[.#


You could see Vv, a fire dragon, a spriggan rider, a hell hog and a spriggan
berserker (berserk).

Vanquished Creatures
  Jorgrun (Orc:1)
  3 liches
  A sphinx (Depths:1)
  2 shadow dragons
  Donald (Spider:3)
  2 tengu reavers (Depths:3)
  Kirke (Swamp:4)
  A storm dragon (Depths:3)
  A fenstrider witch (Swamp:2)
  A cacodemon (Depths:1)
  3 fire giants
  3 deep elf sorcerers
  5 frost giants
  6 ghost moths
  A juggernaut zombie (Depths:2)
  2 spriggan defenders
  A draconian stormcaller (Depths:4)
  6 stone giants
  12 very ugly things
  2 broodmothers (Spider:4)
  2 deep elf demonologists (Elf:1)
  7 eleionomae
  A deep elf annihilator (Elf:2)
  2 green draconians (Depths:4)
  3 bunyips
  A vampire knight (Depths:2)
  10 spark wasps
  2 yellow draconians (Depths:4)
  5 entropy weavers
  A red draconian (Depths:4)
  A purple draconian (Depths:4)
  3 ettins
  A fire dragon (shapeshifter) (Depths:1)
  A merfolk javelineer (Depths:1)
  7 fire dragons
  3 deep elf death magi (Elf:1)
  Josephine (D:9)
  A shambling mangrove (Swamp:4)
  2 merfolk impalers (Depths:2)
  The ghost of camel the Fighter, a journeyman MiBe of Trog (D:10)
  4 great orbs of eyes
  A deep elf high priest (Elf:1)
  Erolcha (Orc:1)
  20 hydras
  4 ice dragons
  Harold (D:7)
  9 boulder beetles
  2 jorogumos
  2 death knights
  A ghost crab (Swamp:3)
  A spriggan air mage (Depths:3)
  2 vault guards (D:14)
  The ghost of Lixzueh the Geomancer, a journeyman GrEE of Kikubaaqudgha (D:11)
  2 radroaches
  6 alligators
  6 centaur warriors
  6 death yaks (Lair:3)
  7 two-headed ogres
  3 catoblepae
  A death yak (shapeshifter) (Depths:3)
  7 deep troll shamans
  15 dancing weapons
  4 spriggan berserkers
  3 orc high priests
  3 vampire magi (Depths:3)
  Sonja (Lair:6)
  A deep troll earth mage (Depths:4)
  6 tengu warriors
  13 deep elf knights
  10 hell knights
  3 sun moths
  5 iron trolls
  2 spark wasp zombies (Depths:2)
  5 goliath frogs
  4 skeletal warriors (D:12)
  A storm dragon skeleton (Depths:2)
  8 pharaoh ants
  4 spriggan druids
  A fire crab (shapeshifter) (Depths:3)
  A death drake (Swamp:1)
  15 steelbarb worms
  6 swamp dragons (Swamp:4)
  An orb spider (shapeshifter) (Elf:2)
  3 orc knights
  14 deep trolls
  7 orb spiders
  3 wizards
  9 bog bodies
  3 flayed ghosts (Depths:3)
  A tengu zombie (Depths:2)
  16 deep elf archers
  3 phantasmal warriors
  7 necromancers
  20 wolf spiders
  19 deep elf zephyrmancers
  A fire giant zombie (Depths:2)
  24 deep elf pyromancers
  5 manticores
  10 orc sorcerers
  A will-o-the-wisp (Swamp:4)
  19 ugly things
  An oklob plant (Lair:4)
  5 cyclopes
  A tengu skeleton (Depths:2)
  8 elephants
  9 moths of wrath
  4 black mambas
  3 gargoyles
  A storm dragon simulacrum (Depths:2)
  7 torpor snails
  Psyche (D:10)
  2 water nymphs (Swamp:2)
  14 cane toads
  2 unseen horrors (D:11)
  4 rime drakes
  15 demonic crawlers
  12 komodo dragons
  6 yaktaurs
  A freezing wraith (D:12)
  5 tengu conjurers
  6 trolls
  2 bloated husks (Swamp:4)
  15 meliai
  2 polar bears (shapeshifter) (D:14)
  A queen bee (Lair:2)
  A shadow dragon simulacrum (Depths:2)
  8 tyrant leeches
  5 polar bears
  21 hornets
  A blink frog (shapeshifter) (Elf:1)
  22 tarantellas
  6 slime creatures (D:14)
  9 blink frogs
  A dream sheep (Lair:6)
  6 shadows
  28 jumping spiders
  24 culicivoras
  4 flying skulls (D:9)
  An ettin skeleton (Depths:2)
  2 vampires
  46 spriggans
  11 water elementals
  8 wyverns
  5 air elementals
  52 yaks
  17 humans (D:14)
  8 basilisks
  7 wraiths
  2 fire elementals (Elf:1)
  5 hogs
  51 redbacks
  3 vampire mosquitoes (D:12)
  The ghost of siradein the Insei, an amateur MfTm (D:5)
  11 wargs
  4 acid dragons
  18 swamp worms
  21 water moccasins
  2 floating eyes
  3 ice beasts
  12 swamp drakes
  4 sky beasts
  10 black bears
  A necrophage (D:6)
  25 orc warriors
  An ogre (shapeshifter) (Elf:1)
  7 ogres
  4 boggarts (Lair:6)
  37 wolves
  2 centaurs
  7 kobold brigands
  A wyvern zombie (D:9)
  10 bullfrogs
  4 earth elementals
  A gnoll sergeant (D:4)
  2 scorpions
  2 water moccasin skeletons (D:5)
  45 killer bees
  14 wights
  6 howler monkeys
  5 electric eels
  4 crimson imps (D:14)
  A bullfrog zombie (D:5)
  10 centaur zombies
  5 jellies
  10 orc priests
  3 centaur skeletons (D:9)
  2 gnoll shamans
  4 hounds
  2 iguanas
  38 orc wizards
  11 hell rats
  2 killer bee zombies
  A hound skeleton (D:5)
  2 howler monkey zombies (D:9)
  12 gnolls
  3 howler monkey skeletons (D:9)
  11 adders
  4 river rats
  3 white imps
  An ufetubus (D:5)
  An adder skeleton (D:4)
  6 worms
  A dart slug (D:1)
  114 orcs
  15 ball pythons
  11 endoplasms
  4 giant cockroaches
  9 goblins
  9 hobgoblins
  3 jackals (D:4)
  4 quokkas
  4 bats
  5 frilled lizards
  16 kobolds
  12 rats
  4 bushes (D:14)
1562 creatures vanquished.

Vanquished Creatures (collateral kills)
  A necrophage (D:6)
  An orc (D:6)
2 creatures vanquished.

Vanquished Creatures (others)
  A bloated husk (Swamp:2)
  A human (Swamp:4)
  An orc warrior (D:11)
  2 bushes
  A butterfly (D:14)
  2 foxfires (Swamp:4)
  32 fungi
  57 plants
97 creatures vanquished.

Grand Total: 1661 creatures vanquished

Notes
Turn   | Place    | Note
-------+----------+-------------------------------------------
     0 | D:1      | pokeman the Deep Elf Hedge Wizard began the quest for the
                  | Orb.
     0 | D:1      | Reached XP level 1. HP: 10/10 MP: 7/7
     4 | D:1      | Found a faded altar of an unknown god.
   493 | D:1      | Reached XP level 2. HP: 15/15 MP: 6/9
  1390 | D:2      | Reached skill level 5 in Spellcasting
  1725 | D:2      | Reached XP level 3. HP: 20/20 MP: 3/11
  1729 | D:2      | Learned a level 3 spell: Mephitic Cloud
  1732 | D:2      | Learned a level 2 spell: Call Imp
  1735 | D:2      | Learned a level 2 spell: Blink
  1739 | D:2      | Learned a level 3 spell: Conjure Flame
  1909 | D:2      | Found Haed's Magic Scroll Emporium.
  1946 | D:2      | Found Muphas's Armour Boutique.
  2315 | D:3      | Found an opulent altar of Gozag.
  2335 | D:3      | Reached skill level 1 in Armour
  2380 | D:3      | Reached skill level 1 in Fighting
  2876 | D:3      | Reached XP level 4. HP: 25/25 MP: 8/13
  3473 | D:4      | Reached skill level 6 in Spellcasting
  3473 | D:4      | Reached XP level 5. HP: 25/29 MP: 9/15
  3477 | D:4      | Reached skill level 1 in Shields
  3528 | D:4      | Found a glowing drain.
  3584 | Sewer    | Entered a sewer
  3864 | Sewer    | Reached skill level 1 in Fire Magic
  3864 | Sewer    | Reached skill level 1 in Ice Magic
  3966 | Sewer    | Reached XP level 6. HP: 31/34 MP: 11/17
  3976 | Sewer    | Reached skill level 7 in Spellcasting
  3976 | Sewer    | Reached skill level 1 in Air Magic
  3976 | Sewer    | Reached skill level 1 in Poison Magic
  4442 | Sewer    | Reached skill level 1 in Evocations
  4497 | Sewer    | Reached XP level 7. HP: 38/38 MP: 10/20
  4969 | D:4      | Reached skill level 8 in Spellcasting
  5082 | D:4      | Identified the +1 ring mail "Eryiqu" {Fly rC+ Int+4 Dex+2}
  5526 | D:4      | Reached XP level 8. HP: 44/44 MP: 16/22
  5741 | D:4      | Reached skill level 9 in Spellcasting
  5993 | D:5      | Entered Level 5 of the Dungeon
  6258 | D:5      | Reached skill level 5 in Conjurations
  6503 | D:5      | Found a transporter.
  6514 | D:5      | Noticed siradein's ghost (amateur MfTm)
  6518 | D:5      | Found a transporter.
  6662 | D:5      | Reached skill level 10 in Spellcasting
  6776 | D:5      | Noticed a hornet
  6781 | D:5      | Paralysed by a hornet for 1 turns
  6782 | D:5      | Killed a hornet
  7046 | D:5      | You fall into a shaft and drop 2 floors!
  7144 | D:7      | Noticed Harold
  7174 | D:7      | Reached XP level 9. HP: 30/48 MP: 16/25
  7187 | D:7      | Killed Harold
  7188 | D:7      | Reached skill level 11 in Spellcasting
  7188 | D:7      | Reached skill level 5 in Fire Magic
  7372 | D:6      | Found a glowing golden altar of the Shining One.
  7373 | D:6      | Identified the +3 plate armour of the Dolphin {Will++ Int-2
                  | Dex+5}
  7937 | D:6      | Reached skill level 1 in Earth Magic
  8115 | D:6      | Reached skill level 12 in Spellcasting
  8955 | D:5      | Killed siradein's ghost
  8956 | D:5      | Reached XP level 10. HP: 53/53 MP: 10/28
  9244 | D:7      | Found a staircase to the Ecumenical Temple.
  9253 | Temple   | Entered the Ecumenical Temple
  9283 | Temple   | Became a worshipper of Vehumet
  9392 | D:7      | Found Usotheim's Book Emporium.
  9488 | D:7      | Found a hide-covered altar of Uskayaw.
  9737 | D:7      | Found a white marble altar of Elyvilon.
  9943 | D:7      | Found a basalt altar of Yredelemnul.
 10042 | D:7      | Identified the +10 whip "Etibanonn" {vorpal, Dex+4}
 10046 | D:7      | Found an iron altar of Okawaru.
 10209 | D:8      | Reached skill level 13 in Spellcasting
 10378 | D:8      | Reached * piety under Vehumet
 10378 | D:8      | Offered knowledge of Freeze by Vehumet.
 10430 | D:8      | Learned a level 5 spell: Fireball
 10438 | D:8      | Learned a level 7 spell: Orb of Destruction
 11123 | D:8      | Noticed a centaur warrior
 11136 | D:8      | Found a shadowy altar of Dithmenos.
 11301 | D:9      | Noticed a green ugly thing
 11311 | D:9      | Killed a green ugly thing
 11962 | D:9      | Found the amulet of the Air {Inacc Air Fly rElec RMsl}
 12000 | D:9      | Reached skill level 14 in Spellcasting
 12004 | D:9      | Noticed Josephine
 12014 | D:9      | Noticed a necromancer
 12033 | D:9      | Killed Josephine
 12033 | D:9      | Offered knowledge of Searing Ray by Vehumet.
 12034 | D:9      | Reached XP level 11. HP: 26/60 MP: 19/31
 12036 | D:9      | Killed a necromancer
 12036 | D:9      | Reached ** piety under Vehumet
 12704 | D:9      | Identified the +12 glaive of Qownetz {flame, Dex+5}
 12738 | D:9      | Reached skill level 15 in Spellcasting
 13354 | Temple   | Identified a scroll of acquirement
 13368 | Temple   | Acquired 872 gold pieces
 13472 | D:2      | Bought a scroll of identify for 20 gold pieces
 13472 | D:2      | Bought a scroll of fog for 20 gold pieces
 13472 | D:2      | Bought a scroll of teleportation for 30 gold pieces
 13472 | D:2      | Bought a scroll of immolation for 35 gold pieces
 13617 | D:10     | Entered Level 10 of the Dungeon
 13617 | D:10     | Found a burning altar of Makhleb.
 13620 | D:10     | Offered knowledge of Stone Arrow by Vehumet.
 13625 | D:10     | Learned a level 3 spell: Stone Arrow
 13705 | D:10     | Found a staircase to the Orcish Mines.
 13715 | D:10     | Noticed Psyche
 13722 | D:10     | Killed Psyche
 13947 | D:10     | Reached *** piety under Vehumet
 14057 | D:10     | Found a transporter.
 14067 | D:10     | Noticed a two-headed ogre
 14068 | D:10     | Noticed camel's ghost (journeyman MiBe)
 14068 | D:10     | Noticed a two-headed ogre
 14070 | D:10     | Noticed a two-headed ogre
 14086 | D:10     | Noticed a two-headed ogre
 14087 | D:10     | Found a bloodstained altar of Trog.
 14102 | D:10     | Found a transporter.
 14616 | D:10     | Found an ancient bone altar of Kikubaaqudgha.
 14617 | D:10     | Found a shimmering altar of Xom.
 14821 | D:10     | Noticed a two-headed ogre
 14826 | D:10     | Killed a two-headed ogre
 15026 | D:10     | Noticed a tengu warrior
 15067 | D:11     | Noticed a six-headed hydra
 15072 | D:11     | Noticed a two-headed ogre
 15073 | D:11     | Reached skill level 16 in Spellcasting
 15075 | D:11     | Killed a six-headed hydra
 15078 | D:11     | Noticed a boulder beetle
 15239 | D:11     | Got Deufioq's Disquisition on Cankerous Ice
 15294 | D:11     | Found a runed translucent gate.
 15294 | D:11     | Found a runed translucent gate.
 15294 | D:11     | Found a runed translucent gate.
 15296 | D:11     | Noticed Lixzueh's ghost (journeyman GrEE)
 15305 | D:11     | Noticed a brown ugly thing
 15504 | D:11     | Offered knowledge of Inner Flame by Vehumet.
 15505 | D:11     | Reached XP level 12. HP: 66/66 MP: 17/34
 15649 | D:11     | Killed a two-headed ogre
 15650 | D:11     | Reached skill level 10 in Conjurations
 15693 | D:11     | Found an ornate altar of the Wu Jian Council.
 15739 | D:11     | Found a staircase to the Lair.
 15799 | D:11     | Reached skill level 5 in Armour
 16140 | D:11     | Killed a boulder beetle
 16141 | D:11     | Reached skill level 17 in Spellcasting
 16506 | D:11     | Killed Lixzueh's ghost
 17256 | D:12     | Reached skill level 10 in Fire Magic
 17263 | D:12     | Reached **** piety under Vehumet
 17333 | D:12     | Offered knowledge of Iskenderun's Mystic Blast by Vehumet.
 17753 | D:12     | Reached skill level 18 in Spellcasting
 18275 | D:12     | Noticed a death knight
 18401 | D:12     | Killed a death knight
 18402 | D:12     | Reached XP level 13. HP: 70/70 MP: 19/37
 19654 | D:13     | Found a stormy altar of Qazlal.
 19944 | D:14     | Reached skill level 19 in Spellcasting
 20343 | D:14     | Found a shimmering altar of Xom.
 20488 | D:14     | Found a white marble altar of Elyvilon.
 20632 | D:14     | Identified the +0 leather armour of the Northern Lights
                  | {Harm rElec}
 20663 | D:14     | Reached ***** piety under Vehumet
 20663 | D:14     | Offered knowledge of Airstrike by Vehumet.
 21074 | D:14     | Found a gate to the Vaults.
 21579 | D:15     | Entered Level 15 of the Dungeon
 21584 | D:15     | Reached skill level 20 in Spellcasting
 21735 | D:15     | Reached XP level 14. HP: 28/76 MP: 17/40
 22101 | D:15     | Upgraded the game from 0.29-a0-194-g6e3aafee17 to
                  | 0.29-a0-207-gf982a884d8
 22566 | D:15     | Noticed a fire giant
 22572 | D:15     | Killed a fire giant
 22913 | D:15     | Found a staircase to the Depths.
 22939 | D:15     | Found Fainer's General Store.
 22942 | D:15     | Found Kadudd's Specific Store.
 22951 | D:15     | Bought a potion of heal wounds for 55 gold pieces
 23654 | D:10     | Reached skill level 10 in Armour
 23658 | D:10     | Killed camel's ghost
 23968 | Lair:1   | Entered Level 1 of the Lair of Beasts
 24498 | Lair:1   | Reached skill level 21 in Spellcasting
 26258 | Lair:2   | Found a staircase to the Swamp.
 26274 | Lair:2   | Found a hole to the Spider Nest.
 26653 | Lair:2   | Offered knowledge of Starburst by Vehumet.
 26661 | Lair:2   | Learned a level 6 spell: Starburst
 27283 | Lair:2   | Found the +3 hat of Pondering {ponderous, Will+ MP+10
                  | Int+5}
 27766 | Lair:3   | Reached XP level 15. HP: 80/80 MP: 42/42
 27907 | Lair:3   | Learned a level 9 spell: Fire Storm
 27964 | Lair:3   | Reached skill level 22 in Spellcasting
 29175 | Lair:4   | Offered knowledge of Iron Shot by Vehumet.
 30563 | Lair:6   | Entered Level 6 of the Lair of Beasts
 31117 | Lair:6   | Noticed Sonja
 31124 | Lair:6   | Killed Sonja
 31299 | Lair:6   | Reached skill level 23 in Spellcasting
 31334 | Lair:6   | Found a viscous altar of Jiyva.
 31334 | Lair:6   | Found a staircase to the Slime Pits.
 31724 | Lair:6   | Offered knowledge of Lightning Bolt by Vehumet.
 32466 | Orc:1    | Entered Level 1 of the Orcish Mines
 32466 | Orc:1    | Noticed Erolcha
 32467 | Orc:1    | Killed Erolcha
 32920 | Orc:2    | Entered Level 2 of the Orcish Mines
 32937 | Orc:1    | Noticed Jorgrun
 32942 | Orc:1    | Killed Jorgrun
 33107 | Orc:2    | Reached XP level 16. HP: 84/84 MP: 37/45
 33366 | Orc:2    | Found Luru's Armour Shop.
 33509 | Orc:2    | Offered knowledge of Lee's Rapid Deconstruction by Vehumet.
 33712 | Orc:2    | Found Aba Kuti's Magic Scroll Shop.
 33712 | Orc:2    | Found Luthrienito's General Store.
 33723 | Orc:2    | Bought a scroll of blinking for 75 gold pieces
 33723 | Orc:2    | Bought a scroll of identify for 20 gold pieces
 33723 | Orc:2    | Bought a scroll of blinking for 75 gold pieces
 33723 | Orc:2    | Bought a scroll of identify for 20 gold pieces
 33723 | Orc:2    | Bought a scroll of identify for 20 gold pieces
 33723 | Orc:2    | Bought a scroll of identify for 20 gold pieces
 34123 | Orc:2    | Found a staircase to the Elven Halls.
 34184 | Orc:2    | Found Arhamo's Armour Shop.
 34184 | Orc:2    | Found Moatet's Antique Armour Emporium.
 34555 | Elf:1    | Entered Level 1 of the Elven Halls
 34779 | Elf:1    | Found a radiant altar of Vehumet.
 34885 | Elf:1    | Reached skill level 24 in Spellcasting
 34953 | Elf:1    | Reached skill level 5 in Shields
 35034 | Elf:1    | Offered knowledge of Freezing Cloud by Vehumet.
 35035 | Elf:1    | Reached skill level 15 in Conjurations
 35582 | Elf:1    | Found Izxuseli's Antique Armour Shoppe.
 35620 | Elf:1    | Found Kohyelia's Magic Scroll Emporium.
 35621 | Elf:1    | Found Vaseon's Antique Armour Shoppe.
 35630 | Elf:1    | Bought a scroll of identify for 28 gold pieces
 35630 | Elf:1    | Bought a scroll of identify for 28 gold pieces
 35630 | Elf:1    | Bought a scroll of identify for 28 gold pieces
 35632 | Elf:1    | Bought a pair of glowing gloves for 172 gold pieces
 35786 | Elf:1    | Identified the +9 short sword "Udir" {venom, rF+ rCorr
                  | MP+9}
 36767 | Elf:2    | Reached skill level 5 in Fighting
 36770 | Elf:2    | Reached skill level 15 in Fire Magic
 36975 | Elf:2    | Reached XP level 17. HP: 76/92 MP: 37/47
 36993 | Elf:2    | Reached skill level 25 in Spellcasting
 37498 | Elf:2    | Found Yqism's Book Emporium.
 37783 | Elf:2    | Found a runed translucent gate.
 37783 | Elf:2    | Found a runed translucent gate.
 37784 | Elf:2    | Found a runed translucent gate.
 38417 | Swamp:1  | Entered Level 1 of the Swamp
 38423 | Swamp:1  | Offered knowledge of Ignition by Vehumet.
 40393 | Swamp:3  | Reached skill level 26 in Spellcasting
 40970 | Swamp:4  | Entered Level 4 of the Swamp
 41415 | Swamp:4  | Noticed Kirke
 41606 | Swamp:4  | Killed Kirke
 41607 | Swamp:4  | Reached XP level 18. HP: 101/101 MP: 50/50
 41793 | Swamp:4  | Got a decaying rune of Zot
 42340 | Spider:1 | Entered Level 1 of the Spider Nest
 42524 | Depths:1 | Entered Level 1 of the Depths
 42701 | Depths:1 | Identified the +7 long sword of the Shore {vorpal, Str+7}
 43184 | Depths:1 | Identified the -4 cloak "Rarerra" {Rampage Stlth+}
 43234 | Depths:1 | Noticed a lich
 43257 | Depths:1 | Found a gateway to Hell.
 43266 | Depths:1 | Noticed a lich
 43270 | Depths:1 | Killed a lich
 43423 | Depths:1 | Found a one-way gateway to a ziggurat.
 43563 | Depths:1 | Reached skill level 27 in Spellcasting
 43694 | Depths:1 | Killed a lich
 44015 | Depths:1 | Reached ****** piety under Vehumet
 44056 | Depths:1 | Upgraded the game from 0.29-a0-207-gf982a884d8 to
                  | 0.29-a0-214-g17f627cfee
 44241 | Depths:2 | Offered knowledge of Polar Vortex by Vehumet.
 44241 | Depths:2 | Offered knowledge of Ignition by Vehumet.
 44241 | Depths:2 | Offered knowledge of Maxwell's Capacitive Coupling by
                  | Vehumet.
 44640 | Depths:2 | Found a one-way gate leading to the halls of Pandemonium.
 46592 | Temple   | Acquired 636 gold pieces
 46758 | Spider:1 | Reached skill level 1 in Necromancy
 46985 | Spider:1 | Reached XP level 19. HP: 38/110 MP: 27/52
 48646 | Spider:1 | Identified the ring "Witwoj" {rPois rF+ rN+}
 50543 | Spider:3 | Noticed Donald
 50548 | Spider:3 | Killed Donald
 51620 | Spider:4 | Entered Level 4 of the Spider Nest
 51963 | Spider:3 | Reached skill level 10 in Fighting
 54417 | Spider:4 | Reached XP level 20. HP: 118/118 MP: 53/53
 54740 | Spider:4 | Got a gossamer rune of Zot
 57280 | Depths:3 | Found a one-way gate to the infinite horrors of the Abyss.
 57513 | Depths:3 | Found an iron altar of Okawaru.
 58212 | Depths:4 | Entered Level 4 of the Depths
 59088 | Depths:4 | Noticed a caustic shrike
 59089 | Depths:4 | Noticed a caustic shrike
 59090 | Depths:4 | Noticed a caustic shrike
 59243 | Depths:4 | Noticed Vv
 59268 | Depths:4 | Slain by a spriggan berserker

Illustrated notes

Levels and vault maps discovered:
D:1:      minmay_arrival_three_doors, layout_basic,
          chequers_ecumenical_altar_simple_redux
D:2:      layout_rooms, serial_shops, shop, shop, item_on_display_a
D:3:      layout_basic, grunt_gozag_breadcrumbs, minmay_misc_feat_roman,
          minmay_pentomino_pile
D:4:      minmay_diamond_boxcup, layout_loops_ring, portal_sewer_entry_b
D:5:      layout_cave_pods, gammafunk_ghost_arena,
          minmay_fractal_squares_gapless_5
D:6:      minmay_angry_zag, layout_rooms, nicolae_overflow_crystal_walls
D:7:      layout_basic, kennysheep_ying_yang, amcnicky_altar_gilded,
          mainiacjoe_overflow_alcove_1, minmay_temple_entry_arrows,
          serial_shops, nicolae_take_the_stairs, uniq_harold
D:8:      layout_basic, mainiacjoe_overflow_concentric_impassable,
          lightli_corner_chamber
D:9:      hangedman_screamer, layout_basic
D:10:     layout_gridville, mainiacjoe_overflow_tiny_flanked,
          mainiacjoe_overflow_catwalk_spiral, david_orc_2,
          gammafunk_ghost_wrathful_warriors, uniq_psyche
D:11:     layout_small_grid, david_lair_shrubbed, gammafunk_ghost_split,
          minmay_ruined_shrine
D:12:     layout_layer_cave
D:13:     layout_basic, grunt_qazlal_clouds
D:14:     layout_loops_cross, grunt_vaults_entry_tiered,
          nicolae_elyvilon_peaceful_grove, led_xom_imps
D:15:     grunt_enter_depths_giant_problem, layout_stronghold,
          minmay_misc_feat_five, nicolae_specific_store,
          hangedman_decor_opposing
Temple:   minmay_temple_bridge_abc
Lair:1:   layout_gridlike, lemuel_fruit_fields, grunt_megastairs_5,
          serial_bayou_shore_a
Lair:2:   regret_index_combs_of_tragedy, layout_loops_ring,
          nicolae_swamp_entry_splash_gauntlet, spider_nest_entry_web_field
Lair:3:   layout_roguey
Lair:4:   layout_gridlike, infiniplex_staircase_pool_2, lemuel_fruit_tree,
          grunt_megastairs_4
Lair:5:   layout_regular_city
Lair:6:   minmay_lair_end_enchanted_forest, layout_cellular_growth,
          slime_altar_1, columned_hall_lemuel, uniq_sonja
Swamp:1:  nicolae_swamp_ascending_descending_big, layout_basic_swamp,
          serial_swamp_ruin, evilmike_swamp_ruin_house_4,
          evilmike_swamp_ruin_house_3, evilmike_swamp_ruin_house_1
Swamp:2:  layout_basic_swamp, evilmike_swamp_ruin_rubble_1, swamp_pool5,
          nicolae_swamp_nymph_family_reunion
Swamp:3:  layout_falls_marsh, nicolae_swamp_dense_foliage
Swamp:4:  swamp, layout_basic_swamp, swamp_pool1, nzn_swamp_blast_mining,
          uniq_kirke
Spider:1: layout_chambers, nicolae_spider_not_touching_you
Spider:2: layout_spider_delve
Spider:3: layout_spider_delve, uniq_donald
Spider:4: hellmonk_spider_rune_bug_friends, hangedman_spider_tarantella_strand
Orc:1:    layout_caves, uniq_jorgrun, uniq_erolcha
Orc:2:    st_orc_town, layout_caves, serial_shops,
          nicolae_shop_temple_entry_statues_fountains
Elf:1:    eino_elf_arrival_altar, layout_geoelf_diagonals,
          hangedman_elf_represent, minmay_shop_star, grunt_megastairs_3
Elf:2:    elven_hall_of_blades_hangedman_original
          [nicolae_blade_entry_sentries_behind_glass], layout_geoelf_octagon,
          serial_shops, nicolae_shop_waterfront, minivault_28,
          lemuel_upstairs_altar
Depths:1: grunt_bruiser_brothers, layout_basic, enter_ziggurat_e,
          serial_bayou_pond_b, hell_entry, nicolae_twisting_strands, hex_large,
          st_stairs_4, kennysheep_flooded_box, minmay_misc_feat_rows,
          wad_dig_loot
Depths:2: minmay_spriggan_fort, layout_cave_pools, nicolae_two_hexagons,
          hell_entry, pan_entry, serial_column_ruins,
          column_ruins_portal_astroid, column_ruins_square_large,
          column_ruins_grid_1, column_ruins_open_tiny, column_ruins_open_medium,
          column_ruins_open_tiny, column_ruins_grid_3
Depths:3: minmay_the_grid_octo_tiled_squarecenter
          [minmay_the_grid_octo_checkerflower, minmay_the_grid_octo_checkered,
          minmay_the_grid_octo_thin_diamonds, minmay_the_grid_octo_odd_swirl,
          minmay_the_grid_square_5x5_megaprize_hollow,
          minmay_the_grid_square_5x5_empty, minmay_the_grid_square_5x5_shuriken,
          minmay_the_grid_square_5x5_two_small,
          minmay_the_grid_square_5x5_checkered_statues], layout_gridville,
          pan_entry, hell_entry, abyss_entry, minmay_fountain_box,
          okawaru_ov_weapons_minmay
Depths:4: grunt_zot_entry_alcove, layout_gridville,
          hangedman_abyss_or_decor_lesser_grid, pan_entry, grunt_hell_horde,
          uniq_vv

Skill      XL: |  1  2  3  4  5  6  7  8  9 10 11 12 13 14 15 16 17 18 19 20 |
---------------+-------------------------------------------------------------+-----
Spellcasting   | 5 6 7 8 10 12 14 16 18 20 21 23 24 26 27 | 27.0
Armour         | 1 2 3 4 7 9 11 12 | 12.5
Fighting       | 1 2 3 4 5 7 9 10 11 | 11.4
Conjurations   | 2 3 4 5 7 8 9 11 12 13 14 15 16 17 19 21 | 21.3
Dodging        | 3 |  3.0
Shields        | 1 2 3 4 5 |  5.0
Fire Magic     | 1 2 4 6 7 9 10 11 12 14 15 16 17 18 19 | 19.3
Ice Magic      | 1 |  1.0
Air Magic      | 1 |  1.0
Poison Magic   | 1 |  1.1
Evocations     | 1 |  1.0
Stealth        | 3 |  3.0
Earth Magic    | 1 |  1.0
Necromancy     | 1 2 |  2.0
Summonings     | |  1.1
Translocations | |  1.1

Action                   |  1- 3 |  4- 6 |  7- 9 | 10-12 | 13-15 | 16-18 | 19-21 || total
-------------------------+-------+-------+-------+-------+-------+-------+-------++-------
Melee: Dagger            |     4 |       |       |    10 |       |       |       ||    14
       Whip              |     1 |    52 |       |    52 |    44 |    19 |       ||   168
       Punch             |       |     1 |     3 |     2 |       |       |       ||     6
       Short sword       |       |       |    35 |       |       |       |     5 ||    40
       Hand axe          |       |       |    52 |    16 |       |       |       ||    68
 Fire: Arbalest          |       |       |       |    59 |       |       |       ||    59
 Cast: Magic Dart        |   127 |    86 |   263 |    57 |     4 |     2 |     1 ||   540
       Mephitic Cloud    |       |     5 |    14 |    23 |     7 |     3 |     3 ||    55
       Conjure Flame     |       |     3 |    24 |    32 |     3 |       |     1 ||    63
       Call Imp          |       |       |     6 |     4 |       |       |       ||    10
       Blink             |       |       |     4 |     3 |       |     6 |    24 ||    37
       Fireball          |       |       |       |   175 |   462 |   475 |   337 ||  1449
       Stone Arrow       |       |       |       |    10 |    24 |    31 |     2 ||    67
       Orb of Destructio |       |       |       |       |     3 |    64 |    87 ||   154
       Starburst         |       |       |       |       |    12 |    32 |    77 ||   121
Evoke: Wand              |       |       |       |     1 |       |       |    11 ||    12
       Phial of floods   |       |       |       |       |       |       |     1 ||     1
  Use: Scroll            |       |       |       |    12 |     2 |    12 |     2 ||    28
       Potion            |       |       |       |       |       |     4 |     1 ||     5
 Stab: Confused          |       |     1 |     6 |     3 |       |       |       ||    10
       Sleeping          |       |       |     3 |       |       |       |       ||     3
Armor: Robe              |     4 |       |       |       |       |       |       ||     4
       Leather armour    |     3 |    20 |    38 |    63 |       |       |       ||   124
       Ring mail         |       |       |       |       |    47 |    29 |       ||    76
       Fire dragon scale |       |       |       |       |       |    37 |   198 ||   235
Dodge: Dodged            |    13 |    42 |    91 |    79 |    46 |    33 |   105 ||   409
       Repelled          |       |       |       |       |     2 |     5 |     2 ||     9
Block: Buckler           |       |       |       |     3 |    13 |    32 |    18 ||    66

Table legend: (Time is in decaauts)
 A = Elapsed time spent in this place.
 B = Non-inter-level travel time spent in this place.
 C = Inter-level travel time spent in this place.
 D = Time resting spent in this place.
 E = Time spent auto-exploring this place.
 F = Levels seen in this place.
 G = Mean time per level.
                   A        B        C        D        E       F      G
               +--------+--------+--------+--------+--------+-----+--------+
         Total |  61165 |  56446 |   4719 |  10842 |  37126 |  39 | 1568.3 |
       Dungeon |  24056 |  21447 |   2609 |   2400 |  15655 |  15 | 1603.7 |
        Temple |    244 |    200 |     44 |      0 |     19 |   1 |  244.0 |
          Lair |   8894 |   8507 |    387 |    500 |   7184 |   6 | 1482.3 |
         Swamp |   4095 |   3861 |    234 |   1023 |   2445 |   4 | 1023.8 |
   Spider Nest |   8415 |   7976 |    439 |   2511 |   4443 |   4 | 2103.8 |
  Orcish Mines |   2300 |   2121 |    179 |    477 |   1247 |   2 | 1150.0 |
   Elven Halls |   3563 |   3355 |    208 |    677 |   2097 |   2 | 1781.5 |
        Depths |   8134 |   7518 |    616 |   3204 |   2826 |   4 | 2033.5 |
         Sewer |   1461 |   1461 |      0 |     50 |   1208 |   1 | 1461.0 |
               +--------+--------+--------+--------+--------+-----+--------+

Top non-repeatable levels by time:
Spider:3: 3446 daAuts
Depths:1: 2569 daAuts
Depths:3: 2549 daAuts
  Lair:2: 2471 daAuts
   Elf:1: 2457 daAuts
    D:10: 2379 daAuts
    D:11: 2291 daAuts
    D:15: 2167 daAuts
Spider:1: 2147 daAuts
     D:5: 2005 daAuts
Depths:2: 1980 daAuts
     D:9: 1887 daAuts
     D:8: 1751 daAuts
  Lair:6: 1713 daAuts
    D:14: 1687 daAuts
